 Dungeon Crawl Stone Soup version 0.31-a0-233-g139696dc86 (webtiles) character file.

Game seed: 10298052414628463384

58 qw the Shooter (level 3, -5/29 HPs)
             Began as a Minotaur Hexslinger on July 9, 2023.
             Slain by Sigmund
             ... wielding a +6 scythe of venom
              (13 damage)
             ... on level 3 of the Dungeon.
             The game lasted 00:00:33 (1341 turns).

qw the Shooter (Minotaur Hexslinger)                Turns: 1341, Time: 00:00:33

Health: -5/29      AC:  4    Str: 12    XL:     3   Next: 76%
Magic:  3/3        EV: 12    Int: 10    God:
Gold:   88         SH:  0    Dex: 14    Spells: 3/4 levels left

rFire   + . .        Y - +1 sling
rCold   . . .        (no shield)
rNeg    . . .        d - +0 leather armour
rPois   .            (helmet restricted)
rElec   .            (no cloak)
rCorr   .            (no gloves)
SInv    .            c - +0 pair of boots
Will    .....        (no amulet)
Stlth   +            h - ring of protection from fire
HPRegen 0.24/turn    (no ring)
MPRegen 0.08/turn

%: no passive effects
@: no status effects
A: horns 2, retaliatory headbutt
a: no special abilities


You were on level 3 of the Dungeon.
You visited 1 branch of the dungeon, and saw 3 of its levels.

You collected 88 gold pieces.


Innate Abilities, Weirdness & Mutations

You have a pair of horns on your head.
You reflexively headbutt those who attack you in melee.


   Skills:
 - Level 2.0 Fighting
 + Level 4.3 Ranged Weapons
 - Level 2.1 Dodging
 - Level 1.0 Spellcasting
 - Level 2.0 Hexes


You had 3 spell levels left.
You knew the following spells:

 Your Spells              Type           Power      Damage    Failure   Level
a - Slow                  Hex            16%        N/A       19%         1

Your spell library contained the following spells:

 Spells                   Type           Power      Damage    Failure   Level
 Inner Flame              Hex/Fire       2%         N/A       65%         3
 Portal Projectile        Hex/Tloc       4%         N/A       65%         3
 Cause Fear               Hex            2%         N/A       88%         4

Inventory:

Hand Weapons
 Y - a +1 sling (weapon)
Armour
 c - a +0 pair of boots (worn)
 d - a +0 leather armour (worn)
Jewellery
 h - a ring of protection from fire (left hand)
Scrolls
 a - 2 scrolls of teleportation
 b - a scroll of identify
Potions
 e - 2 potions of curing

Dungeon Overview and Level Annotations

Branches:
Dungeon (3/15)

Altars:

Annotations:
D:3 Ijyb, Sigmund


Message History

What level of the Dungeon? (default 1, ? - help)
You see here an Everburning Encyclopedia.
There is a stone staircase leading down here.
You climb downwards.
There is a stone staircase leading up here.
Waypoint 2 assigned to D:3.
You open the door.
Sigmund and Ijyb come into view.
Sigmund is wielding a +6 scythe of venom.
Ijyb is wielding a +0 club and carrying a wand of roots (10).
Found a stone staircase leading down.
1331 ||| Stepping ~*~*~tactically~*~*~ (outnumbered).
Ijyb shouts!
You shoot a sling bullet.
Sigmund shouts!
The sling bullet hits Sigmund.
Sigmund is lightly wounded.
1336 ||| Stepping ~*~*~tactically~*~*~ (outnumbered).
Ijyb zaps a wand.
The roots erupt in riotous growth!
The grasping roots grab you! The grasping roots constrict you!
Sigmund mumbles some strange words.
Sigmund flickers and vanishes!
Deactivating autopickup; reactivate with Ctrl-A.
You hear a shout! x4
You shoot a sling bullet.
The sling bullet hits Ijyb but does no damage.
You hear a shout!
The grasping roots constrict you.
Something tries to affect you, but you resist.
You shoot a sling bullet.
The sling bullet hits Ijyb but does no damage.
The grasping roots constrict you.
The grasping roots release their grip on you.
You shoot a sling bullet. The sling bullet closely misses Ijyb.
Ijyb hits you with a +0 club.
You shoot a sling bullet.
The sling bullet hits Ijyb but does no damage.
Ijyb screams, "I no like you!" Ijyb hits you with a +0 club.
Something hits you!
You die...

..........#
.....>...+
.........#
#........
#.......
#.. ... #g#
#'# #@###.#
#.....#
#####.##
#..# ##.##
#..# ##.##
#..##
##..##


You could see Ijyb.

Vanquished Creatures
  An adder (D:2)
  A worm (D:2)
  3 bats (D:2)
  2 endoplasms (D:1)
  2 giant cockroaches (D:1)
  3 goblins
  5 hobgoblins
  7 jackals
  2 kobolds
  4 quokkas (D:2)
  4 ball pythons
  2 frilled lizards
  2 rats (D:1)
38 creatures vanquished.

Notes
Turn   | Place    | Note
-------+----------+-------------------------------------------
     0 | D:1      | qw the Minotaur Hexslinger began the quest for the Orb.
     0 | D:1      | Reached XP level 1. HP: 16/16 MP: 1/1
     0 | D:1      | 0 ||| qw: Version: 0.3-a-51-g015441d
     0 | D:1      | 0 ||| qw: Game counter: 3913
     0 | D:1      | 0 ||| qw: Melee chars always use a shield: true
     0 | D:1      | 0 ||| qw: God list: Okawaru
     0 | D:1      | 0 ||| qw: Allow faded altars: false
     0 | D:1      | 0 ||| qw: Do Orc after clearing Dungeon:15 true
     0 | D:1      | 0 ||| qw: Do second Lair branch before Depths: true
     0 | D:1      | 0 ||| qw: Lair rune preference: random
     0 | D:1      | 0 ||| qw: Goals: Normal
     0 | D:1      | 0 ||| PLANNING D:1-11
    83 | D:1      | 83 ||| FLEEEEING.
   165 | D:1      | Reached skill level 3 in Ranged Weapons
   165 | D:1      | Reached XP level 2. HP: 23/23 MP: 2/2
   487 | D:1      | 487 ||| UPGRADING to +0 leather armour.
   497 | D:1      | 497 ||| DROPPING +0 robe.
   498 | D:1      | 498 ||| UPGRADING to ring of protection from fire.
   499 | D:1      | 499 ||| READING 2 scrolls labelled CIUNTEEHAE.
   504 | D:1      | 504 ||| READING scroll labelled BAEJOGH TAD DIANY.
   505 | D:1      | 505 ||| READING scroll labelled FUNKANGIOVVA.
   506 | D:1      | 506 ||| READING scroll labelled UHITAS HESHOUM.
   507 | D:1      | 507 ||| READING scroll labelled XOEBLI SIROO.
   508 | D:1      | 508 ||| DRINKING 3 fizzy puce potions.
   509 | D:1      | 509 ||| DROPPING scroll of poison.
   618 | D:2      | Reached XP level 3. HP: 24/29 MP: 3/3
   824 | D:2      | Reached skill level 4 in Ranged Weapons
  1260 | D:2      | 1260 ||| UPGRADING to +0 pair of boots.
  1330 | D:3      | Noticed Sigmund
  1330 | D:3      | Noticed Ijyb
  1331 | D:3      | 1331 ||| Stepping ~*~*~tactically~*~*~ (outnumbered).
  1336 | D:3      | 1336 ||| Stepping ~*~*~tactically~*~*~ (outnumbered).
  1341 | D:3      | Slain by Sigmund

Levels and vault maps discovered:
D:1:      dpeg_chamrin_arrival_tetris, layout_rooms, roderic_filled_cross,
          amethyst_killhole
D:2:      layout_basic
D:3:      minmay_inner_zag, layout_basic, mainiacjoe_overflow_24_doors,
          mainiacjoe_overflow_six_doors_small, serial_shops, shop, shop,
          uniq_sigmund, uniq_ijyb, uniq_grinder, uniq_jessica

Skill      XL: |  1  2  3 |
---------------+----------+-----
Ranged Weapons | 3 4 |  4.3
Fighting       | 2 |  2.0
Dodging        | |  2.1
Spellcasting   | |  1.0
Hexes          | |  2.0

Action                     || total
---------------------------++-------
   Fire: Sling             ||   114
    Use: Scroll            ||     5
         Potion            ||     1
 Armour: Robe              ||     4
         Leather armour    ||     6
  Dodge: Dodged            ||    32

Table legend:
 A = Non-vault XP
 B = Vault XP
 C = Vault XP percentage of total XP
 D = Non-vault monster count
 E = Vault monster count
 F = Vault count percentage of total count
                 A         B        C        D         E       F
            +---------+---------+-------+---------+---------+-------
      Total |      84 |       0 |   0.0 |      38 |       0 |   0.0
            +---------+---------+-------+---------+---------+-------
        D:1 |      34 |       0 |   0.0 |      19 |       0 |   0.0
        D:2 |      50 |       0 |   0.0 |      19 |       0 |   0.0
            +---------+---------+-------+---------+---------+-------
